 Seeded DCSS version 0.31-a0-564-g3b7de120b3 (webtiles) character file.

Game seed: 16161720884980326079 (custom seed)

521 innerfire43 the Changeling (level 7, -1/62 HPs)
             Began as a Troll Shapeshifter on Aug 17, 2023.
             Slain by a troll (9 damage)
             ... on level 5 of the Dungeon.
             The game lasted 00:04:29 (3118 turns).

innerfire43 the Changeling (Troll Shapeshifter)     Turns: 3118, Time: 00:04:30

Health: -1/62      AC:  4    Str: 24    XL:     7   Next: 1%
Magic:  6/6        EV: 10    Int:  4    God:
Gold:   212        SH:  0    Dex: 12    Spells: 6/6 levels left

rFire   . .          .
                       - Unarmed
rCold   . . .        (no shield)
rNeg    . . .        a - +0 animal skin
rPois   .            (helmet currently unavailable)
rElec   .            (cloak currently unavailable)
rCorr   .            (gloves unavailable)
SInv    .            (boots unavailable)
Will    .....        j - amulet of faith
Stlth   +            (no ring)
HPRegen 1.10/turn    (no ring)
MPRegen 0.10/turn

%: faith
@: beast-form
A: beast (slay +4), large, unfitting armour, claws 3, regeneration 1, shaggy fur
1, tough skin 1
a: Begin Untransformation


You were on level 5 of the Dungeon.
You were a hulking beast.
You visited 1 branch of the dungeon, and saw 5 of its levels.
You also visited: Ossuary.

You collected 329 gold pieces.
You spent 117 gold pieces at shops.

Inventory:

Hand Weapons
 f - a +4 club
Missiles
 o - a throwing net
Armour
 a - a +0 animal skin (worn)
 m - the +2 helmet "Paunutas" {rC- Will++ Dex+4 SInv}
   (You took it off Robin on level 2 of the Dungeon)

   Dex+4:     It affects your dexterity (+4).
   rC-:       It makes you vulnerable to cold.
   Will++:    It greatly increases your willpower.
   SInv:      It lets you see invisible.
 q - a +1 cloak
 y - an orb of energy
Jewellery
 j - an amulet of faith (around neck)
 n - an amulet of magic regeneration
 p - an amulet of guardian spirit
Talismans
 c - a beast talisman (active)
 d - a flux talisman
Wands
 s - a wand of flame (18)
 x - a wand of iceblast (4)
Scrolls
 e - a scroll of brand weapon {unknown}
 g - 2 scrolls of silence {unknown}
 l - 2 scrolls of fog {unknown}
 r - a scroll of poison {unknown}
 t - a scroll of identify {unknown}
 v - 3 scrolls of immolation {unknown}
 w - 5 scrolls of teleportation {unknown}
 A - 2 scrolls of revelation {unknown}
Potions
 b - a potion of lignification
 h - a potion of haste {unknown}
 i - a potion of ambrosia {unknown}
 k - a potion of attraction {unknown}
 u - 4 potions of curing
 z - a potion of mutation {unknown}
 B - 2 potions of degeneration {unknown}
 C - 2 potions of magic {unknown}
 D - 2 potions of brilliance {unknown}


   Skills:
 - Level 1.0 Fighting
 - Level 1.5 Dodging
 - Level 3.0 Unarmed Combat
 * Level 6.9 Shapeshifting


You had 6 spell levels left.
You didn't know any spells.
Your spell library contained the following spells:

 Spells                   Type           Power      Damage    Failure   Level
 Poisonous Vapours        Pois/Air       0%         N/A       65%         2
 Mephitic Cloud           Conj/Pois/Air  0%         N/A       86%         3
 Freezing Cloud           Conj/Ice/Air   0%         6-21      100%        5


Dungeon Overview and Level Annotations

Branches:
Dungeon (5/15)            Ossuary (visited)
 Temple: D:4-7

Altars:
Makhleb
Nemelex Xobeh
Sif Muna

Shops:
D:4 !


Innate Abilities, Weirdness & Mutations

You are a hulking beast.
Your limbs bulge with bestial killing power. (Slay +4)
You are too large for most types of armour.
You have claws for hands.
Your natural rate of healing is unusually fast.
You are covered in fur. (AC +1)
You have tough skin. (AC +1)


Message History

The white imp hits you but does no damage.
A white imp is nearby!
You claw the white imp!
You kill the white imp!
Found an escape hatch in the floor.
No target in view!
Found a stone staircase leading up.
No target in view!
A troll comes into view.
A troll is nearby!
The troll shouts!
The troll misses you. The troll closely misses you. The troll claws you.
A troll is nearby!
You scratch the troll but do no damage. The troll closely misses you.
The troll claws you! The troll barely misses you.
A troll is nearby!
You barely miss the troll. The troll closely misses you. The troll misses you.
The troll claws you.
You claw the troll!
The troll is moderately wounded.
The troll bites you. The troll claws you. The troll barely misses you.
You scratch the troll.
The troll is moderately wounded.
The troll bites you! The troll claws you!
* * * LOW HITPOINT WARNING * * *
The troll claws you.
* * * LOW HITPOINT WARNING * * *
Unknown command.
You feel better. The troll barely misses you.
The troll claws you but does no damage. The troll closely misses you.
You barely miss the troll.
The troll is moderately wounded.
The troll bites you. The troll claws you!
* * * LOW HITPOINT WARNING * * *
The troll barely misses you.
Found a stone staircase leading down.
You feel better. The troll bites you!
* * * LOW HITPOINT WARNING * * *
The troll claws you!
You die...

#..# #..# #..# #..# #..#
#.####..######
#....<......>. #.####h.#
#####....T..#
.....#####.## #.#
###...####.
##.#####.#####..........#
...............#...####..
# .#####.########.##
......##.# #.#
#(##.##<########.#


You could see a troll.

Vanquished Creatures
  2 elf zombies (Ossuary)
  A human zombie (Ossuary)
  Crazy Yiuf (D:2)
  Jessica (D:2)
  An iguana (D:4)
  Terence (D:2)
  A sleepcap (D:4)
  4 mummies (Ossuary)
  Robin (D:2)
  4 adders
  A white imp (D:5)
  2 ufetubi (D:4)
  3 worms (D:2)
  2 dart slugs
  9 orcs
  A bat (D:3)
  3 endoplasms
  2 giant cockroaches
  20 goblins
  10 hobgoblins
  4 jackals (D:4)
  9 kobolds
  2 quokkas
  5 ball pythons
  3 frilled lizards
  A gnoll zombie (Ossuary)
  2 goblin zombies (Ossuary)
  4 hobgoblin zombies (Ossuary)
  3 rats
  2 rat zombies (Ossuary)
105 creatures vanquished.

Notes
Turn   | Place    | Note
-------+----------+-------------------------------------------
     0 | D:1      | innerfire43 the Troll Shapeshifter began the quest for the
                  | Orb.
     0 | D:1      | Reached XP level 1. HP: 18/18 MP: 0/0
    87 | D:1      | Found a faded altar of an unknown god.
    93 | D:1      | Reached skill level 1 in Fighting
   123 | D:1      | Reached XP level 2. HP: 27/27 MP: 1/1
   577 | D:2      | Reached XP level 3. HP: 31/33 MP: 2/2
   593 | D:2      | Noticed Terence
   601 | D:2      | Killed Terence
   602 | D:2      | Reached skill level 4 in Shapeshifting
   723 | D:2      | Identified the +2 helmet "Paunutas" {rC- Will++ Dex+4 SInv}
   723 | D:2      | Noticed Robin
   742 | D:2      | Reached XP level 4. HP: 23/41 MP: 3/3
   754 | D:2      | Killed Robin
   893 | D:2      | Noticed Jessica
   903 | D:2      | Killed Jessica
   904 | D:2      | Reached skill level 5 in Shapeshifting
   996 | D:2      | Reached XP level 5. HP: 46/48 MP: 4/4
  1016 | D:2      | Found a runed translucent door.
  1017 | D:2      | Noticed Crazy Yiuf
  1025 | D:2      | Killed Crazy Yiuf
  1369 | D:3      | Identified the +5 dagger of the King {flame, Fly rC+++
                  | Str-5 Dex-4}
  1751 | D:4      | Reached XP level 6. HP: 40/55 MP: 5/5
  1790 | D:4      | Found Quem's Distillery.
  1795 | D:4      | Bought a potion of curing for 39 gold pieces
  1795 | D:4      | Bought a potion of curing for 39 gold pieces
  1795 | D:4      | Bought a potion of curing for 39 gold pieces
  2095 | D:4      | Found a sand-covered staircase.
  2182 | D:4      | Found a burning altar of Makhleb.
  2182 | D:4      | Found a shimmering blue altar of Sif Muna.
  2260 | Ossuary  | Entered an ossuary
  2272 | Ossuary  | Reached skill level 6 in Shapeshifting
  2967 | D:5      | Entered Level 5 of the Dungeon
  2976 | D:5      | Reached XP level 7. HP: 62/62 MP: 6/6
  3057 | D:5      | Found a sparkling altar of Nemelex Xobeh.
  3108 | D:5      | Noticed a troll
  3118 | D:5      | Slain by a troll

Illustrated notes

Levels and vault maps discovered:
D:1:      nzn_arrival_settlement, layout_rooms,
          shapermc_ecumenical_altar_starsandcircs
D:2:      layout_basic, feat_on_display, uniq_jessica, uniq_robin,
          uniq_crazy_yiuf_cottage, uniq_terence
D:3:      layout_rooms, interstate_on_off, guppyfry_early_orc_mine
D:4:      layout_cave_pods, gammafunk_temple_overflow_wave, enter_ossuary_1,
          serial_shops, kennysheep_little_box
D:5:      layout_loops_ring, amcnicky_altar_gilded

Skill      XL: |  1  2  3  4  5  6 |
---------------+-------------------+-----
Fighting       | 1 |  1.0
Shapeshifting  | 4 5 6 |  6.9
Dodging        | |  1.5
Unarmed Combat | |  3.0

Action                     |  1- 3 |  4- 6 |  7- 9 || total
---------------------------+-------+-------+-------++-------
  Melee: Unarmed           |    61 |   182 |     9 ||   252
         Punch             |     1 |     4 |       ||     5
    Use: Potion            |     1 |       |     2 ||     3
   Stab: Sleeping          |     1 |       |       ||     1
 Armour: Animal skin       |    17 |   102 |     3 ||   122
  Dodge: Dodged            |    46 |   159 |    12 ||   217

Table legend: (Time is in decaauts)
 A = Elapsed time spent in this place.
 B = Non-inter-level travel time spent in this place.
 C = Inter-level travel time spent in this place.
 D = Time resting spent in this place.
 E = Time spent auto-exploring this place.
 F = Levels seen in this place.
 G = Mean time per level.
                   A        B        C        D        E       F      G
               +--------+--------+--------+--------+--------+-----+--------+
         Total |   3101 |   2865 |    236 |      0 |   2270 |   6 |  516.8 |
       Dungeon |   2852 |   2616 |    236 |      0 |   2114 |   5 |  570.4 |
       Ossuary |    249 |    249 |      0 |      0 |    156 |   1 |  249.0 |
               +--------+--------+--------+--------+--------+-----+--------+

Top non-repeatable levels by time:
     D:4: 1022 daAuts
     D:3: 623 daAuts
     D:2: 565 daAuts
     D:1: 489 daAuts
 Ossuary: 249 daAuts
     D:5: 150 daAuts
